 Dungeon Crawl Stone Soup version 0.30-a0-371-gad7725a93e (webtiles) character file.

Game seed: 210747943870555001

136521 kae the Brawler (level 16, 0/144 HPs)
             Began as a White Draconian Transmuter on Nov 22, 2022.
             Was a High Priest of Ru.
             Slain by a merfolk
             ... wielding a +0 trident
              (20 damage)
             ... on level 1 of the Shoals.
             The game lasted 00:58:41 (28075 turns).

kae the Brawler (White Draconian Transmuter)       Turns: 28075, Time: 00:58:42

Health: 0/144      AC:  9    Str: 15    XL:     16   Next: 66%
Magic:  22/25      EV: 16    Int: 25    God:    Ru [*****.]
Gold:   2662       SH:  0    Dex: 12    Spells: 16/31 levels left

rFire   . . .      SeeInvis .      - Unarmed
rCold   + + .      Faith    .    (shield currently unavailable)
rNeg    . . .      Spirit   .    (body armour unavailable)
rPois   .          Reflect  .    (helmet restricted)
rElec   .          Harm     .    (no cloak)
rCorr   .          Rampage  .    (gloves currently unavailable)
Will    +....                    (no boots)
Stlth   +.........               g - amulet of regeneration
HPRegen 1.24/turn                I - +6 ring of intelligence
MPRegen 0.19/turn                C - ring of protection from cold

@: blade hands, marked, engulfed (cannot breathe), unable to drink
A: breathe frost, AC +9, unfitting armour, cold resistance 1, low MP 1, no
potion heal 1, cold-blooded, inability to drink after injury 2, inability to use
devices, hated by all
a: Breathe Frost, End Transformation, Renounce Religion, Draw Out Power, Power
Leap, Apocalypse


You were on level 1 of the Shoals.
You worshipped Ru.
Ru was extremely pleased with you.
You had blades for hands.
You visited 6 branches of the dungeon, and saw 25 of its levels.
You also visited: Ossuary.

You collected 2662 gold pieces.


Innate Abilities, Weirdness & Mutations

You have blades for hands.
Your spellcasting is less reliable in this form.
You are incapable of wielding weapons or throwing items.
You can breathe waves of freezing cold which knock back foes.
Your icy white scales are hard. (AC +9)
You cannot fit into any form of body armour.
Your flesh is cold resistant. (rC+)
Your magical capacity is low. (-10% MP)
Potions are less effective at restoring your health.
You are cold-blooded and may be slowed by cold attacks.
You sometimes lose the ability to drink potions when taking damage.
You cannot study or use magical devices.
You are hated by all.


   Skills:
 + Level 13.6 Fighting
 + Level 11.1 Dodging
 * Level 17.4 Unarmed Combat
 - Level 8.0 Spellcasting
 - Level 12.2 Transmutations
 - Level 6.0 Ice Magic
 - Level 5.5 Earth Magic
 - Level 1.3 Poison Magic


You had 16 spell levels left.
You knew the following spells:

 Your Spells              Type           Power      Damage    Failure   Level
a - Beastly Appendage     Tmut           100%       N/A       5%          1
b - Wereblood             Tmut           63%        N/A       6%          2
c - Spider Form           Tmut/Pois      44%        N/A       16%         3
d - Ice Form              Ice/Tmut       53%        N/A       17%         4
e - Blade Hands           Tmut           31%        N/A       16%         5

Your spell library contained the following spells:

 Spells                   Type           Power      Damage    Failure   Level
 Sting                    Tmut/Pois      100%       1d8       11%         1
 Poisonous Vapours        Pois/Air       26%        N/A       38%         2
 Static Discharge         Conj/Air       20%        2-3/arc   43%         2
 Gell's Gravitas          Tloc           10%        N/A       61%         3
 Portal Projectile        Hex/Tloc       20%        N/A       61%         3
 Teleport Other           Tloc           10%        N/A       61%         3
 Vhi's Electric Charge    Tloc/Air       20%        N/A       61%         3
 Leda's Liquefaction      Hex/Erth       11%        N/A       61%         4
 Olgreb's Toxic Radiance  Pois           16%        N/A       77%         4
 Eringya's Noxious Bog    Tmut/Pois      22%        N/A       87%         6
 Passage of Golubria      Tloc           10%        N/A       88%         4
 Arcjolt                  Conj/Air       5%         1d15      99%         5
 Lightning Bolt           Conj/Air       5%         1d17      99%         5
 Silence                  Hex/Air        5%         N/A       99%         5
 Dispersal                Tloc           5%         N/A       100%        6
 Lehudib's Crystal Spear  Conj/Erth      11%        10d4      100%        8
 Maxwell's Capacitive Co  Air            5%         ∞         100%        8
 Summon Small Mammal      Summ           Unusable   N/A       N/A         1
 Call Canine Familiar     Summ           Unusable   N/A       N/A         3
 Summon Guardian Golem    Hex/Summ       Unusable   N/A       N/A         3
 Tukima's Dance           Hex            Unusable   N/A       N/A         3

Inventory:

Missiles
 d - 35 poisoned darts
 i - 149 stones
 j - 16 boomerangs
 r - a boomerang of dispersal {=f!f}
 u - 4 throwing nets {=f!f}
 y - 7 javelins
 W - 6 silver javelins
Magical Staves
 e - a staff of fire {!a}
   (You found it on level 1 of the Dungeon)
 n - a staff of poison {!a}
   (You found it on level 4 of the Dungeon)
 z - a staff of earth {!a}
   (You found it on level 1 of the Lair of Beasts)
 Z - a staff of cold {!a}
   (You found it on level 14 of the Dungeon)
Jewellery
 c - a ring of protection from cold
   (You took it off an orc on level 8 of the Dungeon)
 g - an amulet of regeneration (around neck)
   (You found it on level 4 of the Dungeon)
 C - a ring of protection from cold (right blade hand)
   (You found it on level 6 of the Dungeon)
 F - a ring of fire
   (You found it on level 1 of the Lair of Beasts)
 G - an amulet of guardian spirit
   (You found it on level 4 of the Lair of Beasts)
 H - a ring of protection from cold
   (You found it on level 8 of the Dungeon)
 I - a +6 ring of intelligence (left blade hand)
   (You found it on level 4 of the Dungeon)
 L - a ring of ice
   (You took it off Fannar on level 2 of the Lair of Beasts)
 R - a ring of resist corrosion
   (You found it on level 14 of the Dungeon)
 S - a +6 ring of strength
   (You found it on level 1 of the Shoals)
 T - an amulet of faith {!P}
   (You found it on level 2 of the Dungeon)
Scrolls
 l - 8 scrolls of identify {@r1}
 m - 5 scrolls of magic mapping {!r}
 p - 2 scrolls of silence {!r}
 s - 5 scrolls of vulnerability {!r!r}
 t - 10 scrolls of teleportation {@r4}
 v - 2 scrolls of fog
 w - 7 scrolls of poison {!r}
 x - 2 scrolls of torment {!r}
 A - 3 scrolls of enchant weapon
 K - 2 scrolls of enchant armour
 O - a scroll of fear
 U - a scroll of blinking {!r}
 X - a scroll of immolation {!r!r}
Potions
 a - a potion of lignification {!q}
 b - 13 potions of curing {@q1}
 f - 5 potions of attraction {!q}
 h - 3 potions of brilliance
 k - a potion of resistance
 o - 2 potions of heal wounds {@q2}
 q - 5 potions of haste {@q3}
 B - 2 potions of magic
 D - 4 potions of flight
 E - 2 potions of invisibility
 M - 2 potions of might
 N - a potion of ambrosia
 P - 2 potions of mutation {!q}
 Q - a potion of cancellation

Dungeon Overview and Level Annotations

Branches:
Dungeon (15/15) Zot: 25842  Temple (1/1) D:5 Zot: 5983    Lair (5/5) D:11 Zot: 23111
 Shoals (1/4) Lair:3 Zot: 5925  Spider (1/4) Lair:2 Zot: 5998   Slime (0/5) Lair:5
    Orc (2/2) D:9 Zot: 9775     Elf (0/3) Orc:2        Depths (0/4) D:15
Ossuary (visited)
 Vaults: D:13-14

Altars:
Cheibriados
Dithmenos
Elyvilon
Kikubaaqudgha
Makhleb
Nemelex Xobeh
Okawaru
Ru
Sif Muna
Uskayaw
Vehumet
Wu Jian
Xom
Zin

Shops:
D:9 ?   D:12 *   D:14 ?   Orc:2 =([*

Portals:
Trove: D:13 (give 2 scrolls of acquirement)

Annotations:
D:11 Josephine
D:13 exclusions: deep elf knight, 2 vault guards and 2 more exclusions
D:15 Roxanne
Lair:3 3 runed translucent doors, Voxish's ghost, journeyman MeFi
Lair:4 exclusion: hydra
Lair:5 2 runed translucent doors, 1 exclusion

≈~~~≈≈≈~.## .~~~≈~
≈≈~~~~.....####..~~≈~
≈≈≈~~~..............~~
≈≈≈≈≈~~...............~
≈≈≈~~~~~~............#
≈≈≈~~~~~~~[[.........# .
≈≈≈~~~~~..........m..#..~
≈≈≈≈~~~~~.....~...m......~
≈≈≈≈~~~~~~~.....@<.##.....
≈≈≈~~~~~~~.....cE### ....
≈≈~~~~~.......mm.# ....
≈≈≈~~~...##.....)# ....~
≈≈~~~~...>.......###..~~~~
≈~~~~~~~.........m....>~~~
≈~~~~.~~~~....)#..........
≈~~~~~~........#..........
≈≈~~...~....~..........###


You could see 5 merfolk, a centaur warrior and a water elemental (slow, corona).


Message History

The merfolk hits you with a +0 trident.
You focus your inner power and blind the merfolk in retribution!
You catch the helpless merfolk completely off-guard!
You slice the merfolk!!
You kill the merfolk!
A merfolk comes into view. It is wielding a +0 trident.
The sea snake barely misses you.
A merfolk comes into view. It is wielding a +0 trident.
The centaur warrior unwields a +0 longbow.
The centaur warrior hits you but does no damage.
The centaur warrior closely misses you. 😕 HP[-9]
You take 9 damage, and now have 113/144 hp.
You slash the sea snake! You tail-slap the sea snake.
The sea snake completely misses you. The water elemental hits you. 😮 HP[-5]
You take 5 damage, and now have 108/144 hp.
Unknown command.
You closely miss the sea snake. You tail-slap the sea snake.
You slash the sea snake!
The centaur warrior hits you but does no damage.
The centaur warrior kicks you but does no damage.
A merfolk comes into view.
It is wielding a +0 trident and quivering boomerangs of dispersal.
The sea snake bites you.
You focus your inner power and blind the sea snake in retribution!
The water elemental closely misses you. 😮 HP[-5]
You take 5 damage, and now have 103/144 hp.
You slash the sea snake! The centaur warrior hits you.
The centaur warrior barely misses you.
A merfolk comes into view. It is wielding a +0 trident.
The merfolk hits you from afar with a +0 trident!
The snapping turtle barely misses you.
The sea snake barely misses you. 😮 HP[-16]
You take 16 damage, and now have 87/144 hp.
You strike the helpless sea snake from behind!
You slice the sea snake!!
You kill the sea snake!
The centaur warrior is stunned by your conviction and fails to attack.
The water elemental hits you!
You feel threatened and lose the ability to drink potions!
* * * LOW HITPOINT WARNING * * *
The water elemental engulfs you in water!
The merfolk hits you from afar with a +0 trident!
* * * LOW HITPOINT WARNING * * *
The centaur warrior is stunned by your conviction and fails to attack.
The snapping turtle bites you but does no damage. 😨 HP[-29] MP[+1]
You take 29 damage, and now have 58/144 hp.
MASSIVE DAMAGE!! (PAUSE) Unknown command.
You cannot read scrolls while unable to breathe!
Unknown command.
You hit the water elemental but do no damage.
* * * LOW HITPOINT WARNING * * *
Your lungs strain for air!
The water elemental is stunned by your conviction and fails to attack.
The centaur warrior hits you!
* * * LOW HITPOINT WARNING * * *
The centaur warrior misses you. 😨 HP[-12]
You take 12 damage, and now have 46/144 hp.
Unknown command.
You slip free of the water engulfing you.
The centaur warrior attacks as you move away!
The centaur warrior hits you but does no damage.
The centaur warrior kicks you but does no damage.
* * * LOW HITPOINT WARNING * * *
Your lungs strain for air!
The snapping turtle misses you.
The centaur warrior wields a +0 longbow.
The centaur warrior shoots an arrow.
The arrow closely misses you. The water elemental closely misses you.
You see here a sea snake corpse. 😨 HP[-3]
You take 3 damage, and now have 43/144 hp.
You cannot read scrolls while unable to breathe!
Unknown command.
Okay, then.
You slip free of the water engulfing you.
* * * LOW HITPOINT WARNING * * *
Your lungs strain for air!
The snapping turtle bites you.
* * * LOW HITPOINT WARNING * * *
A merfolk comes into view. It is wielding a +0 trident.
The water elemental hits you!
* * * LOW HITPOINT WARNING * * *
You focus your inner power and slow the water elemental in retribution!
The merfolk hits you but does no damage. 😱 HP[-19]
You take 19 damage, and now have 24/144 hp.
Unknown command.
You shred the snapping turtle!!!
You kill the snapping turtle!
* * * LOW HITPOINT WARNING * * *
Your lungs strain for air!
You focus your inner power and illuminate the water elemental in retribution!
The merfolk barely misses you.
The merfolk hits you from afar with a +0 trident!!
You die...

Skill      XL: |  1  2  3  4  5  6  7  8  9 10 11 12 13 14 15 16 |
---------------+-------------------------------------------------+-----
Transmutations | 3 4 5 6 7 8 9 11 12 | 12.2
Poison Magic   | 1 |  1.3
Unarmed Combat | 4 5 7 8 10 11 14 16 17 | 17.4
Spellcasting   | 3 4 5 6 7 8 |  8.0
Ice Magic      | 2 4 5 6 |  6.0
Fighting       | 3 4 5 6 7 9 11 12 13 | 13.6
Dodging        | 3 4 5 6 8 10 11 | 11.1
Earth Magic    | 5 |  5.5

Action                   |  1- 3 |  4- 6 |  7- 9 | 10-12 | 13-15 | 16-18 || total
-------------------------+-------+-------+-------+-------+-------+-------++-------
Melee: Unarmed           |   133 |   172 |   339 |   529 |   973 |    59 ||  2205
       Kick              |    18 |    21 |       |       |       |       ||    39
       Headbutt          |    11 |     7 |       |       |       |       ||    18
       Tailslap          |     3 |     8 |     1 |       |    39 |    11 ||    62
       Punch             |     1 |     2 |     1 |       |    25 |     4 ||    33
 Cast: Beastly Appendage |    17 |    23 |       |       |     1 |       ||    41
       Spider Form       |     1 |    12 |     3 |       |     1 |       ||    17
       Wereblood         |       |     2 |     8 |    21 |    48 |     2 ||    81
       Ice Form          |       |     1 |    43 |    67 |    83 |     3 ||   197
       Blade Hands       |       |       |       |       |    27 |     6 ||    33
Invok: Sacrifice Love    |       |       |     1 |       |       |       ||     1
       Sacrifice Artific |       |       |       |     1 |       |       ||     1
       Reject Sacrifices |       |       |       |     1 |       |       ||     1
       Draw Out Power    |       |       |       |     3 |     5 |       ||     8
       Power Leap        |       |       |       |       |     4 |     1 ||     5
       Sacrifice Drink   |       |       |       |       |     1 |       ||     1
       Sacrifice Purity  |       |       |       |       |     1 |       ||     1
       Sacrifice Essence |       |       |       |       |       |     1 ||     1
 Abil: Breathe Frost     |       |       |     5 |     1 |     1 |       ||     7
Evoke: Wand              |       |       |     4 |       |       |       ||     4
  Use: Scroll            |       |    10 |    12 |     9 |     6 |       ||    37
       Potion            |       |     1 |       |     9 |     2 |       ||    12
 Stab: Distracted        |       |       |     1 |     2 |     4 |       ||     7
       Invisible         |       |       |       |     6 |     7 |     2 ||    15
       Paralysed         |       |       |       |       |     4 |       ||     4
       Sleeping          |       |       |       |       |     1 |       ||     1
Armor: Skin              |    53 |    40 |   132 |   170 |   235 |    14 ||   644
Dodge: Dodged            |   107 |   124 |   162 |   265 |   501 |    38 ||  1197

Levels and vault maps discovered:
D:1:      onia_arrival_mini_spirals, layout_rooms
D:2:      layout_rooms, shapermc_ecumenical_altar_notcrosses, basic_altar,
          uniq_jessica
D:3:      layout_basic
D:4:      minmay_opposing_rooms, layout_rooms, minmay_ogre_servants
D:5:      kb_forest_paths, layout_basic, minmay_temple_entry_slanted,
          gammafunk_ghost_grave, dreamdust_gnoll_farm, uniq_pikel
D:6:      layout_basic, nicolae_ossuary_entry_monument
D:7:      layout_loops_corners
D:8:      layout_layer_cave
D:9:      layout_cave_pools, orc_0_dummy, serial_park, serial_park_avenue1,
          serial_park_square1 [serial_park_minivault_5x5_1], serial_park_tiny_2,
          serial_shops, shop, serial_bayou_crossing, uniq_grum
D:10:     layout_gridville, nicolae_overflow_hidden_temple,
          kb_lookout_dungeons_type, uniq_erica
D:11:     layout_cave_pods, due_lair_maze_entry_diamond, uniq_josephine
D:12:     layout_loops_ring, guppyfry_shop_earth
D:13:     layout_loops_ring, grunt_vaults_entry_fortified,
          nicolae_trove_entry_diagonal, nicolae_elevator_lobby_plus
D:14:     kennysheep_large_spiral, layout_basic, serial_shops, shop_coins,
          uniq_lodul
D:15:     grunt_enter_depths_hoard, layout_loops_ring, minivault_11,
          uniq_roxanne, uniq_agnes
Temple:   nicolae_temple_two_arcs
Lair:1:   layout_small_grid, lemuel_fruit_fields, infiniplex_staircase_pool,
          uniq_urug, uniq_gastronok
Lair:2:   layout_roguey, hellmonk_spider_entry_not_the_bees, roderic_batcave,
          uniq_harold, uniq_fannar, uniq_amaemon
Lair:3:   layout_hall_layers, minmay_shoals_entry_centaurs,
          ebering_ghost_rock_garden, grunt_megastairs_5, uniq_nessos
Lair:4:   nzn_winding_woodlands_stair_trap [nzn_winding_woodlands_5x15_garden,
          nzn_winding_woodlands_5x15_sawtooth,
          nzn_winding_woodlands_5x15_jagged,
          nzn_winding_woodlands_15x15_thick_spiral,
          nzn_winding_woodlands_5x15_twine, nzn_winding_woodlands_5x15_cabin,
          nzn_winding_woodlands_5x15_crooked], layout_long_grid
Lair:5:   cheibrodos_lair_end_hotspot, layout_layer_cave,
          nicolae_slime_entry_slimehenge
Shoals:1: layout_shoals, nicolae_shoals_land_atoll
Spider:1: layout_spider_delve, hive_lemuel
Orc:1:    layout_caves, nicolae_orc_pool_cavern
Orc:2:    grunt_orc_gardens, layout_diamond_mine, grunt_orc_garden,
          grunt_orc_garden, grunt_orc_garden, grunt_orc_garden

Notes
Turn   | Place    | Note
-------+----------+-------------------------------------------
     0 | D:1      | kae the Draconian Transmuter began the quest for the Orb.
     0 | D:1      | Reached XP level 1. HP: 16/16 MP: 3/3
     0 | D:1      | magus.rc [v1.11.3]
   107 | D:1      | Reached XP level 2. HP: 23/23 MP: 3/5
   362 | D:1      | Reached XP level 3. HP: 21/28 MP: 6/6
   365 | D:1      | Learned a level 2 spell: Wereblood
   369 | D:1      | Learned a level 3 spell: Spider Form
   525 | D:1      | Reached skill level 3 in Transmutations
   675 | D:2      | You pick up a book of the Hunter and begin reading...
   675 | D:2      | You add the spells Call Canine Familiar, Portal Projectile
                  | and Leda's Liquefaction to your library.
   902 | D:2      | Found a shimmering altar of Xom.
  1110 | D:2      | Found a faded altar of an unknown god.
  1112 | D:2      | Noticed Jessica
  1121 | D:2      | Killed Jessica
  1122 | D:2      | Reached skill level 1 in Poison Magic
  1122 | D:2      | Reached XP level 4. HP: 17/35 MP: 3/7
  1716 | D:3      | You pick up a book of Lightning and begin reading...
  1716 | D:3      | You add the spells Static Discharge, Vhi's Electric Charge,
                  | Lightning Bolt and Arcjolt to your library.
  2495 | D:4      | Noticed a phantom
  2510 | D:4      | Killed a phantom
  2511 | D:4      | Reached skill level 4 in Unarmed Combat
  2511 | D:4      | Reached skill level 3 in Spellcasting
  2511 | D:4      | Reached skill level 4 in Transmutations
  2511 | D:4      | Reached XP level 5. HP: 30/40 MP: 9/9
  2809 | D:4      | Noticed an ogre
  2822 | D:4      | Killed an ogre
  2823 | D:4      | Reached XP level 6. HP: 45/47 MP: 10/10
  2977 | D:4      | Learned a level 4 spell: Ice Form
  3500 | D:4      | Reached skill level 1 in Ice Magic
  3881 | D:5      | Entered Level 5 of the Dungeon
  3952 | D:5      | Found a staircase to the Ecumenical Temple.
  3954 | D:5      | Noticed DEFE's ghost (novice DsWn)
  3972 | D:5      | Reached skill level 5 in Transmutations
  3981 | D:5      | Your scales start taking on an icy white colour.
  3981 | D:5      | Reached skill level 2 in Ice Magic
  3981 | D:5      | Reached XP level 7. HP: 53/53 MP: 10/12
  3981 | D:5      | Gained mutation: Your flesh is cold resistant. (rC+) [White
                  | Draconian growth]
  4000 | D:5      | Reached skill level 2 in Fighting
  4002 | D:5      | Found a runed translucent door.
  4008 | Temple   | Entered the Ecumenical Temple
  4016 | Temple   | Became a worshipper of Ru the Awakened
  4121 | D:5      | Reached skill level 3 in Ice Magic
  4425 | D:5      | Noticed Pikel
  4437 | D:5      | Killed Pikel
  4438 | D:5      | Reached skill level 3 in Fighting
  4438 | D:5      | Reached skill level 5 in Unarmed Combat
  4438 | D:5      | Reached skill level 4 in Spellcasting
  4438 | D:5      | Reached skill level 6 in Transmutations
  4438 | D:5      | Reached skill level 4 in Ice Magic
  4438 | D:5      | Reached XP level 8. HP: 63/63 MP: 5/14
  4588 | D:5      | Reached skill level 5 in Ice Magic
  5339 | D:6      | You add the spells Gell's Gravitas, Teleport Other and
                  | Dispersal to your library.
  5354 | D:6      | Reached skill level 4 in Fighting
  5391 | D:6      | Reached skill level 7 in Transmutations
  5402 | D:6      | Found a sand-covered staircase.
  5431 | Ossuary  | Entered an ossuary
  5639 | Ossuary  | Gained mutation: You are hated by all. [Ru sacrifice]
  5639 | Ossuary  | Reached * piety under Ru
  5639 | Ossuary  | Reached ** piety under Ru
  5751 | Ossuary  | Reached XP level 9. HP: 62/72 MP: 13/16
  5828 | Ossuary  | Noticed a silent spectre
  6277 | D:6      | Reached skill level 6 in Unarmed Combat
  6430 | D:6      | Reached skill level 5 in Spellcasting
  6871 | D:7      | Reached skill level 2 in Dodging
  6985 | D:7      | You add the spells Sting, Poisonous Vapours and Olgreb's
                  | Toxic Radiance to your library.
  7273 | D:7      | Reached skill level 8 in Transmutations
  7282 | D:7      | Reached skill level 5 in Fighting
  7701 | D:7      | Noticed an unseen horror
  7723 | D:7      | Killed an unseen horror
  8148 | D:8      | Reached skill level 7 in Unarmed Combat
  8483 | D:8      | Reached skill level 6 in Ice Magic
  8486 | D:8      | Reached skill level 3 in Dodging
  8530 | D:8      | Reached XP level 10. HP: 81/81 MP: 10/18
  8534 | D:8      | Gained mutation: You cannot study or use magical devices.
                  | [Ru sacrifice]
  8534 | D:8      | Reached *** piety under Ru
  9306 | D:9      | Found Fieschiv's Magic Scroll Boutique.
  9640 | D:9      | Reached skill level 9 in Transmutations
  9689 | D:9      | Noticed Grum
  9703 | D:9      | Killed Grum
  9875 | D:9      | Reached skill level 6 in Fighting
  9893 | D:9      | Found a staircase to the Orcish Mines.
 10197 | D:9      | Reached skill level 8 in Unarmed Combat
 10197 | D:9      | Reached skill level 6 in Spellcasting
 10259 | D:10     | Entered Level 10 of the Dungeon
 10742 | D:10     | Noticed a two-headed ogre
 10759 | D:10     | Got Atuurant's Lessons on Permutations
 11017 | D:10     | Noticed Erica
 11214 | D:10     | Killed Erica
 11215 | D:10     | Reached skill level 4 in Dodging
 11494 | D:11     | Noticed a manticore
 11636 | D:11     | Reached XP level 11. HP: 91/91 MP: 14/20
 11646 | D:11     | Found a staircase to the Lair.
 11662 | D:11     | Reached skill level 10 in Transmutations
 11822 | D:11     | Reached skill level 9 in Unarmed Combat
 11901 | D:10     | Found a sparkling altar of Nemelex Xobeh.
 11901 | D:10     | Found a burning altar of Makhleb.
 11901 | D:10     | Found a hide-covered altar of Uskayaw.
 11901 | D:10     | Found a glowing silver altar of Zin.
 11983 | D:11     | Reached skill level 7 in Fighting
 12130 | D:11     | Noticed Josephine
 12716 | Lair:1   | Entered Level 1 of the Lair of Beasts
 12716 | Lair:1   | Noticed Gastronok
 12816 | D:10     | Killed a two-headed ogre
 13093 | D:5      | Killed DEFE's ghost
 13094 | D:5      | Reached skill level 5 in Dodging
 13420 | D:11     | Reached skill level 7 in Spellcasting
 13514 | Lair:1   | Killed Gastronok
 13515 | Lair:1   | Reached skill level 10 in Unarmed Combat
 13545 | Lair:1   | Noticed Urug
 13571 | Lair:1   | HP: 19/111 [Urug/+7 great mace (19)]
 13572 | Lair:1   | HP: 4/111 [Urug/+7 great mace (17)]
 13621 | D:11     | Killed Urug
 13622 | D:11     | Reached skill level 11 in Transmutations
 14020 | Lair:1   | Reached XP level 12. HP: 101/101 MP: 20/22
 14497 | Lair:2   | Reached skill level 8 in Fighting
 14499 | Lair:2   | Noticed Amaemon
 14501 | Lair:2   | Noticed a death yak
 14502 | Lair:2   | Noticed a death yak
 14508 | Lair:2   | Noticed a death yak
 14519 | Lair:2   | Killed a death yak
 14647 | Lair:2   | Noticed Fannar
 14653 | Lair:1   | HP: 19/121 [komodo dragon (13)]
 14655 | Lair:1   | HP: 8/121 [yak (6)]
 14748 | Lair:1   | Killed a death yak
 14749 | Lair:1   | Reached skill level 6 in Dodging
 14788 | Lair:1   | Killed a death yak
 14834 | Lair:2   | Killed Amaemon
 14953 | Lair:2   | Noticed Harold
 15100 | Lair:2   | Reached skill level 11 in Unarmed Combat
 15396 | Lair:2   | Found a hole to the Spider Nest.
 15494 | Lair:2   | Reached skill level 12 in Transmutations
 15638 | Lair:2   | Killed Fannar
 15789 | Lair:2   | Reached skill level 8 in Spellcasting
 15898 | Lair:3   | Noticed Nessos
 15900 | Lair:3   | Noticed a death yak
 15977 | Lair:3   | Reached skill level 9 in Fighting
 16138 | Lair:3   | Noticed a death yak
 16142 | Lair:3   | Noticed a death yak
 16146 | Lair:3   | Killed a death yak
 16148 | Lair:3   | Noticed a death yak
 16158 | Lair:2   | Killed a death yak
 16216 | Lair:2   | Killed Harold
 16348 | Lair:3   | Reached XP level 13. HP: 111/111 MP: 21/25
 16500 | Lair:3   | Reached skill level 7 in Dodging
 16504 | Lair:3   | Reached skill level 12 in Unarmed Combat
 16668 | Orc:1    | Entered Level 1 of the Orcish Mines
 16824 | D:9      | HP: 33/133 [orc knight/+2 war axe of flaming (6)]
 16829 | D:9      | Gained mutation: You occasionally lose the ability to drink
                  | potions when taking damage. [Ru sacrifice]
 16829 | D:9      | Gained mutation: You sometimes lose the ability to drink
                  | potions when taking damage. [Ru sacrifice]
 16829 | D:9      | Reached **** piety under Ru
 16829 | D:9      | Reached ***** piety under Ru
 17046 | Orc:1    | You fall into a shaft and drop 1 floor!
 17046 | Orc:2    | Entered Level 2 of the Orcish Mines
 17046 | Orc:2    | Found Nesumis's Jewellery Emporium.
 17744 | Orc:2    | Found a staircase to the Elven Halls.
 17745 | Orc:2    | HP: 25/134 [sun demon[an orc sorcerer] (22)]
 17965 | Orc:2    | Found Towepnuy's Antique Weapon Shop.
 18084 | Orc:2    | Reached skill level 10 in Fighting
 18559 | Orc:2    | Reached skill level 13 in Unarmed Combat
 18658 | Orc:2    | Found Ytaittit's Antique Armour Shop.
 18672 | Orc:2    | Noticed an orc warlord
 18766 | Orc:2    | Found Jedoica's General Store.
 19010 | Orc:2    | Reached skill level 8 in Dodging
 19290 | Lair:3   | Found a staircase to the Shoals.
 19452 | Lair:3   | Killed Nessos
 19666 | Lair:3   | Found a runed translucent gate.
 19667 | Lair:3   | Noticed Voxish's ghost (journeyman MeFi)
 19846 | Lair:3   | Found a runed translucent gate.
 19846 | Lair:3   | Found a runed translucent gate.
 20392 | Lair:4   | Reached skill level 14 in Unarmed Combat
 20404 | Lair:4   | Reached skill level 11 in Fighting
 20577 | Lair:4   | Reached XP level 14. HP: 124/124 MP: 24/26
 21138 | Lair:5   | Entered Level 5 of the Lair of Beasts
 21417 | Lair:4   | Reached skill level 9 in Dodging
 21615 | Lair:5   | Found a staircase to the Slime Pits.
 21720 | Lair:5   | Found a large runed translucent door.
 21721 | Lair:5   | Found a large runed translucent door.
 21892 | Lair:5   | Reached skill level 15 in Unarmed Combat
 22155 | Lair:5   | Reached skill level 12 in Fighting
 22253 | Lair:4   | Gained mutation: Potions are less effective at restoring
                  | your health. [Ru sacrifice]
 22672 | Lair:5   | You pick up a book of Callings and begin reading...
 22976 | Lair:5   | Reached skill level 10 in Dodging
 23443 | D:12     | Reached skill level 16 in Unarmed Combat
 23454 | D:12     | You pick up a book of Weapons and begin reading...
 23465 | D:12     | You pick up a book of the Moon and begin reading...
 23465 | D:12     | You add the spells Passage of Golubria, Silence and
                  | Lehudib's Crystal Spear to your library.
 23521 | D:12     | Learned a level 5 spell: Blade Hands
 23731 | D:12     | Found Pemaen's Pet Rocks.
 23912 | D:12     | Reached XP level 15. HP: 129/134 MP: 20/27
 24963 | D:13     | Found a portal to a secret trove of treasure.
 25146 | D:13     | This trove needs 2 scrolls of acquirement to function. Give
                  | it the items?
 25312 | D:14     | Noticed Lodul
 25363 | D:14     | Killed Lodul
 25486 | D:14     | Reached skill level 13 in Fighting
 25530 | D:14     | Identified the +11 falchion "Takothon" {antimagic, Str+3
                  | Int+3}
 25576 | D:14     | Found Koubissi's Magic Scroll Emporium.
 26664 | D:14     | Reached skill level 17 in Unarmed Combat
 26724 | D:15     | Entered Level 15 of the Dungeon
 26860 | D:15     | Identified a potion of experience
 26861 | D:15     | Reached skill level 5 in Earth Magic
 26861 | D:15     | Reached XP level 16. HP: 144/144 MP: 28/28
 26914 | D:15     | Gained mutation: Your magical capacity is low. (-10% MP)
                  | [Ru sacrifice]
 27198 | D:15     | Reached skill level 11 in Dodging
 27203 | D:15     | Found a staircase to the Depths.
 27400 | D:15     | Identified Roxanne's Precepts of the Lithosphere
 27400 | D:15     | Noticed Roxanne
 27405 | D:15     | Noticed Agnes
 27411 | D:15     | Killed Agnes
 27957 | Spider:1 | Entered Level 1 of the Spider Nest
 28001 | Shoals:1 | Entered Level 1 of the Shoals
 28026 | Shoals:1 | Identified the +5 chain mail of the Stars {rPois Int-2
                  | Slay+6 Stlth-}
 28074 | Shoals:1 | HP: 32/144 [snapping turtle (6)]
 28075 | Shoals:1 | Slain by a merfolk

Vanquished Creatures
  Agnes (D:15)
  Gastronok (Lair:1)
  Nessos (Lair:3)
  An ettin (D:14)
  A fire dragon (D:15)
  A rakshasa (D:14)
  Harold (Lair:2)
  An ice dragon (D:15)
  Fannar (Lair:2)
  8 hydras
  3 boulder beetles
  A centaur warrior (D:14)
  Erica (D:10)
  2 two-headed ogres
  17 death yaks
  2 orc high priests (Orc:2)
  Urug (D:11)
  A deep elf knight (D:14)
  Amaemon (Lair:2)
  6 skeletal warriors
  A sea snake (Shoals:1)
  Lodul (D:14)
  Pikel (D:5)
  A lindwurm (Lair:5)
  2 phantasmal warriors (D:14)
  4 orc knights
  A deep elf pyromancer (D:15)
  The ghost of DEFE the Trooper, a novice DsWn of Okawaru (D:5)
  4 orc sorcerers
  11 ugly things
  3 manticores
  5 cyclopes
  19 elephants
  4 black mambas (Lair:5)
  A molten gargoyle (Lair:5)
  4 gargoyles
  An orange demon (Lair:1)
  7 cane toads
  An unseen horror (D:7)
  An efreet (D:14)
  12 komodo dragons
  3 rime drakes
  2 polar bears
  A merfolk (Shoals:1)
  3 trolls
  A meliai (Lair:2)
  3 hornets
  25 blink frogs
  3 slime creatures (D:11)
  5 dream sheep (Lair:3)
  A snapping turtle (Shoals:1)
  7 wraiths
  3 water elementals (D:14)
  59 yaks
  7 wyverns
  A vampire (D:14)
  Grum (D:9)
  A hog (shapeshifter) (D:14)
  4 steam dragons
  2 basilisks
  7 vampire mosquitoes
  5 wargs
  3 acid dragons
  3 hell hounds (Lair:5)
  18 water moccasins
  38 orc warriors
  An ice beast (D:6)
  3 black bears
  A black bear (shapeshifter) (D:14)
  15 ogres
  8 centaurs
  17 wolves
  A phantom (D:4)
  A lemure (D:5)
  A kobold brigand (D:11)
  An earth elemental (D:12)
  2 necrophages (D:5)
  20 bullfrogs
  3 gnoll sergeants
  A wight (Ossuary)
  2 water moccasin zombies (Ossuary)
  14 killer bees
  2 vampire bats (Lair:2)
  9 howler monkeys
  2 lava snakes (Lair:5)
  2 centaur zombies (Ossuary)
  4 hounds
  2 jellies
  3 gnoll boudas
  18 orc priests
  A bullfrog zombie (Ossuary)
  Jessica (D:2)
  2 scorpion zombies (Ossuary)
  9 iguanas
  23 orc wizards
  27 gnolls
  4 adders
  A shadow imp (D:5)
  3 white imps
  6 ufetubi
  4 adder zombies (Ossuary)
  A worm (D:4)
  60 orcs
  12 ball pythons
  10 bats
  15 endoplasms
  2 giant cockroaches
  A gnoll zombie (Ossuary)
  17 goblins
  9 hobgoblins
  11 jackals
  6 quokkas
  5 frilled lizards
  6 goblin zombies (Ossuary)
  3 hobgoblin zombies (Ossuary)
  9 kobolds
  3 orc zombies (Ossuary)
  3 rats
730 creatures vanquished.

Vanquished Creatures (others)
  A skeletal warrior (D:14)
  An ugly thing (D:15)
  A wolf (Lair:3)
  An ogre (Orc:2)
  2 orcs
  A bat (Lair:2)
  91 fungi
  79 plants
177 creatures vanquished.

Grand Total: 907 creatures vanquished

Table legend:
 A = Non-vault XP
 B = Vault XP
 C = Vault XP percentage of total XP
 D = Non-vault monster count
 E = Vault monster count
 F = Vault count percentage of total count
                 A         B        C        D         E       F
            +---------+---------+-------+---------+---------+-------
      Total |   98612 |   40315 |  29.0 |     551 |     182 |  24.8
            +---------+---------+-------+---------+---------+-------
        D:1 |      59 |       0 |   0.0 |      32 |       0 |   0.0
        D:2 |      28 |      37 |  56.9 |      13 |       1 |   7.1
        D:3 |      28 |       0 |   0.0 |      16 |       0 |   0.0
        D:4 |     160 |     261 |  62.0 |      19 |      19 |  50.0
        D:5 |     733 |    1451 |  66.4 |      17 |      12 |  41.4
        D:6 |     612 |       0 |   0.0 |      22 |       0 |   0.0
        D:7 |    1227 |     128 |   9.4 |      23 |       1 |   4.2
        D:8 |    2041 |       0 |   0.0 |      31 |       0 |   0.0
        D:9 |    2584 |     430 |  14.3 |      33 |       3 |   8.3
       D:10 |    2575 |     946 |  26.9 |      11 |       2 |  15.4
       D:11 |    2974 |    3203 |  51.9 |      19 |      17 |  47.2
       D:12 |    4350 |     717 |  14.2 |      14 |       3 |  17.6
       D:13 |    2785 |     434 |  13.5 |      11 |       1 |   8.3
       D:14 |   11614 |    8325 |  41.8 |      21 |      19 |  47.5
       D:15 |    8149 |    2607 |  24.2 |      17 |       3 |  15.0
     Lair:1 |    5075 |    1833 |  26.5 |      22 |       2 |   8.3
     Lair:2 |    7449 |    3249 |  30.4 |      26 |      15 |  36.6
     Lair:3 |    8205 |    1357 |  14.2 |      32 |       5 |  13.5
     Lair:4 |    7890 |    2749 |  25.8 |      29 |       7 |  19.4
     Lair:5 |   22531 |    5846 |  20.6 |      58 |      22 |  27.5
   Shoals:1 |    1294 |       0 |   0.0 |       3 |       0 |   0.0
      Orc:1 |    3444 |       0 |   0.0 |      43 |       0 |   0.0
      Orc:2 |    2805 |    6271 |  69.1 |      39 |      25 |  39.1
    Ossuary |       0 |     471 | 100.0 |       0 |      25 | 100.0
            +---------+---------+-------+---------+---------+-------

Illustrated notes

Table legend:
 A = Kills in this place as a percentage of kills in entire the game.
 B = Kills by you in this place as a percentage of kills by you in the entire game.
 C = Kills by friends in this place as a percentage of kills by friends in the entire game.
 D = Other kills in this place as a percentage of other kills in the entire game.
 E = Experience gained in this place as a percentage of experience gained in the entire game.
 F = Experience gained in this place divided by the number of levels of this place that you have seen.
                   A       B       C       D       E      F
               +-------+-------+-------+-------+-------+----------------------
         Total | 100.0 | 100.0 |   N/A | 100.0 | 100.0 | 5343.3
       Dungeon |  51.8 |  51.9 |   N/A |  50.0 |  42.1 | 3897.2
          Lair |  29.7 |  29.6 |   N/A |  50.0 |  47.6 | 13236.8
        Shoals |   0.4 |   0.4 |   N/A |   0.0 |   0.9 | 1294.0
  Orcish Mines |  14.6 |  14.7 |   N/A |   0.0 |   9.0 | 6260.0
       Ossuary |   3.4 |   3.4 |   N/A |   0.0 |   0.3 | 471.0
               +-------+-------+-------+-------+-------+----------------------

Table legend: (Time is in decaauts)
 A = Elapsed time spent in this place.
 B = Non-inter-level travel time spent in this place.
 C = Inter-level travel time spent in this place.
 D = Time resting spent in this place.
 E = Time spent auto-exploring this place.
 F = Levels seen in this place.
 G = Mean time per level.
                   A        B        C        D        E       F      G
               +--------+--------+--------+--------+--------+-----+--------+
         Total |  27810 |  25855 |   1955 |   1894 |  18148 |  26 | 1069.6 |
       Dungeon |  18165 |  16963 |   1202 |    817 |  12726 |  15 | 1211.0 |
        Temple |     16 |     10 |      6 |      0 |      0 |   1 |   16.0 |
          Lair |   6888 |   6224 |    664 |    740 |   4002 |   5 | 1377.6 |
        Shoals |     73 |     73 |      0 |      3 |     29 |   1 |   73.0 |
   Spider Nest |      1 |      1 |      0 |      0 |      0 |   1 |    1.0 |
  Orcish Mines |   2224 |   2145 |     79 |    142 |   1336 |   2 | 1112.0 |
       Ossuary |    439 |    439 |      0 |    192 |     54 |   1 |  439.0 |
               +--------+--------+--------+--------+--------+-----+--------+

Top non-repeatable levels by time:
     D:4: 1765 daAuts
    D:10: 1737 daAuts
     D:8: 1729 daAuts
    D:14: 1679 daAuts
  Lair:5: 1666 daAuts
  Lair:2: 1652 daAuts
    D:11: 1522 daAuts
     D:7: 1315 daAuts
  Lair:4: 1301 daAuts
     D:5: 1298 daAuts
  Lair:1: 1242 daAuts
   Orc:2: 1133 daAuts
    D:13: 1111 daAuts
     D:9: 1098 daAuts
   Orc:1: 1091 daAuts
